 Dungeon Sprint DCSS version 0.22.1-2-g9c5b331 (webtiles) character file.

432 diana the Cleaver (level 7, -2/68 HPs)
             Began as a Hill Orc Fighter on Dec 24, 2018.
             Was an Initiate of Trog.
             Slain by an earth elemental (6 damage)
             ... summoned by a deep elf mage
             ... in the Dungeon (Sprint III: "The Ten Rune Challenge").
             The game lasted 00:01:54 (547 turns).

diana the Cleaver (Hill Orc Fighter)                 Turns: 547, Time: 00:01:56

Health: -2/68      AC:  9    Str: 21    XL:     7   Next: 0%
Magic:  7/7        EV: 10    Int:  8    God:    Trog [......]
Gold:   43         SH: 10    Dex: 10    Spells: 6/6 levels left

rFire    . . .     SeeInvis .   a - +0 war axe
rCold    . . .     Gourm    .   c - +0 shield
rNeg     . . .     Faith    .   b - +0 scale mail
rPois    .         Spirit   .   (no helmet)
rElec    .         Reflect  .   (no cloak)
rCorr    .         Harm     .   (no gloves)
MR       +....     NoTele   +   (no boots)
Stlth    ..........             (no amulet)
HPRegen  0.21/turn              (no ring)
MPRegen  0.10/turn              (no ring)

@: no status effects
A: molten scales 1, magic resistance 1, wild magic 1
a: Renounce Religion


You were in the Dungeon.
You worshipped Trog.
Trog was noncommittal.
You were not hungry.

You visited 1 branch You collected 43 gold pieces.

Inventory:

Hand Weapons
 a - a +0 war axe (weapon)
Armour
 b - a +0 scale mail (worn)
 c - a +0 shield (worn)
Scrolls
 k - a scroll of blinking
 o - 2 scrolls of holy word {unknown}
 p - 3 scrolls of remove curse
 q - a scroll of amnesia {unknown}
 r - a scroll of identify {unknown}
Potions
 d - a potion of might
 e - 2 potions of curing
 g - a potion of heal wounds
 h - a potion of haste
 i - 2 potions of magic
 l - 2 potions of agility {unknown}
 n - a potion of mutation
 s - a potion of lignification {unknown}
Comestibles
 f - 3 rations
 m - 3 chunks of flesh


   Skills:
 + Level 8.1 Fighting
 * Level 11.1 Axes
 + Level 7.1 Armour
 + Level 4.6 Dodging
 + Level 7.2 Shields


You had 6 spell levels left.
You didn't know any spells.
Your spell library contained the following spells:

 Spells                   Type           Power        Failure   Level  Hunger
 Magic Dart               Conj           #...         98%         1    ##.....
 Blink                    Tloc           N/A          99%         2    ###....
 Call Imp                 Summ           #.......     99%         2    ###....
 Slow                     Hex            #.......     99%         2    ###....
 Conjure Flame            Conj/Fire      #.......     100%        3    ####...
 Mephitic Cloud           Conj/Pois/Air  #.......     100%        3    ####...


Dungeon Overview and Level Annotations

Branches:
Dungeon (1/1)

Altars:
Elyvilon
Kikubaaqudgha
Okawaru
Sif Muna
Trog
Uskayaw
Vehumet
Wu Jian
Zin
The Shining One
Beogh


Innate Abilities, Weirdness & Mutations

You are partially covered in molten scales. (AC +2)
You are resistant to hostile enchantments. (MR+)
Your spells are a little harder to cast, but a little more powerful.


Message History

The deep elf mage casts a spell.
You closely miss the deep elf mage.
The deep elf mage is moderately wounded.
You hit the earth elemental.
The deep elf mage hits you with a long sword of holy wrath.
You closely miss the deep elf mage.
The deep elf mage is moderately wounded.
You hit the earth elemental. The earth elemental barely misses you.
The deep elf mage hits you with a long sword of holy wrath.
You slash the deep elf mage!
The deep elf mage is severely wounded.
You hit the earth elemental but do no damage. x2
You barely miss the deep elf mage.
The deep elf mage is severely wounded.
You hit the earth elemental but do no damage.
You hit the earth elemental. You block the deep elf mage's attack.
The earth elemental hits you!!
* * * LOW HITPOINT WARNING * * *
The earth elemental hits you.
You die...

▓▓▓▓ ▓▓▓ ...####
##.#########
......#####..#___#___#
.......#..#..#..E#__.#
#.##...#..#..###@#'###+##
#.###..##'#..#..Ee......#
##.##..###...'.⌠........#
..##.)####...#...######+#
..##..###....#.⌠.#
.##...##.....#...#
##....#......#)###
##..##.#.....#)..# #..
####....#___#


You could see 2 earth elementals and a deep elf mage.

Vanquished Creatures
  A water elemental (D)
  Jessica (D)
  A wizard (D)
  3 humans (D)
  A kobold demonologist (D)
  A wolf (D)
  3 rats (D)
11 creatures vanquished.

Vanquished Creatures (others)
  2 draconian scorchers (D)
  6 hellions (D)
  A yaktaur (D)
  3 plants (D)
12 creatures vanquished.

Grand Total: 23 creatures vanquished

Notes
Turn   | Place    | Note
-------+----------+-------------------------------------------
     0 | D        | diana the Hill Orc Fighter began the quest for the Orb.
     0 | D        | Reached XP level 1. HP: 19/19 MP: 1/1
     8 | D        | Reached skill level 3 in Axes
    26 | D        | Killed a yaktaur
    35 | D        | Noticed Jessica
    38 | D        | Killed Jessica
    38 | D        | Reached skill level 5 in Axes
    38 | D        | Reached skill level 1 in Dodging
    38 | D        | Reached XP level 2. HP: 28/28 MP: 2/2
    38 | D        | Reached XP level 3. HP: 34/34 MP: 3/3
    73 | D        | Killed a hellion
    73 | D        | Killed a hellion
    86 | D        | Killed a hellion
   184 | D        | Killed a hellion
   186 | D        | Killed a hellion
   187 | D        | Killed a hellion
   206 | D        | Reached skill level 5 in Fighting
   206 | D        | Reached skill level 6 in Axes
   206 | D        | Reached XP level 4. HP: 42/42 MP: 4/4
   223 | D        | Gained mutation: You are partially covered in molten
                  | scales. (AC +2) [potion of mutation]
   223 | D        | Gained mutation: Scrolls take you a little longer to read.
                  | [potion of mutation]
   223 | D        | Gained mutation: Your mind is acute. (Int +2) [potion of
                  | mutation]
   223 | D        | Gained mutation: Your natural rate of healing is unusually
                  | fast. [potion of mutation]
   224 | D        | Lost mutation: Your mind is acute. (Int +2) [potion of
                  | mutation]
   224 | D        | Gained mutation: Your spells are a little harder to cast,
                  | but a little more powerful. [potion of mutation]
   225 | D        | Lost mutation: Scrolls take you a little longer to read.
                  | [potion of mutation]
   225 | D        | Lost mutation: Your natural rate of healing is unusually
                  | fast. [potion of mutation]
   225 | D        | Gained mutation: You are robust. (+10% HP) [potion of
                  | mutation]
   225 | D        | Lost mutation: You are robust. (+10% HP) [potion of
                  | mutation]
   225 | D        | Gained mutation: You are resistant to hostile enchantments.
                  | (MR+) [potion of mutation]
   230 | D        | Noticed a water elemental
   240 | D        | Killed a water elemental
   240 | D        | Reached skill level 7 in Axes
   240 | D        | Reached skill level 5 in Armour
   240 | D        | Reached skill level 5 in Shields
   240 | D        | Reached XP level 5. HP: 28/50 MP: 5/5
   286 | D        | Killed a white draconian scorcher
   309 | D        | Killed a white draconian scorcher
   384 | D        | Found a radiant altar of Vehumet.
   384 | D        | Found a deep blue altar of Sif Muna.
   384 | D        | Found an ancient bone altar of Kikubaaqudgha.
   390 | D        | Reached skill level 8 in Axes
   411 | D        | Found a hide-covered altar of Uskayaw.
   411 | D        | Found a roughly hewn altar of Beogh.
   411 | D        | Found an iron altar of Okawaru.
   411 | D        | Found a bloodstained altar of Trog.
   411 | D        | Found an ornate altar of the Wu Jian Council.
   411 | D        | Noticed a human
   412 | D        | Noticed a human
   420 | D        | Killed a human
   420 | D        | Reached skill level 10 in Axes
   420 | D        | Reached XP level 6. HP: 60/60 MP: 6/6
   427 | D        | Killed a human
   427 | D        | Reached skill level 11 in Axes
   427 | D        | Reached XP level 7. HP: 64/68 MP: 7/7
   457 | D        | Became a worshipper of Trog the Wrathful
   533 | D        | Found a glowing silver altar of Zin.
   533 | D        | Found a glowing golden altar of the Shining One.
   533 | D        | Found a white marble altar of Elyvilon.
   533 | D        | Noticed a deep elf mage
   547 | D        | Slain by an earth elemental

Skill      XL: |  1  2  3  4  5  6 |
---------------+-------------------+-----
Axes           | 5 6 7 10 11 | 11.1
Fighting       | 4 5 7 8 |  8.1
Armour         | 4 5 6 7 |  7.1
Dodging        | 1 2 4 |  4.6
Shields        | 4 5 6 7 |  7.2

Action                   |  1- 3 |  4- 6 |  7- 9 || total
-------------------------+-------+-------+-------++-------
Melee: War axe           |    24 |    31 |    11 ||    66
  Use: Potion            |       |     4 |       ||     4
Armor: Scale mail        |     6 |     7 |     1 ||    14
Dodge: Dodged            |     6 |     6 |     1 ||    13
Block: Shield            |    11 |    12 |     2 ||    25
